 Dungeon Crawl Stone Soup version 0.16.1-51-g6203257 (webtiles) character file.

461 kae the Basher (level 6, -9/51 HPs)
             Began as a Minotaur Fighter on July 5, 2015.
             Mangled by an ogre zombie
             ... wielding a +0 giant club
             ... animated by a shadow imp
              (21 damage)
             ... while paralysed by Grinder
             ... on level 5 of the Dungeon.
             The game lasted 00:02:20 (2688 turns).

kae the Basher (Minotaur Fighter)                   Turns: 2688, Time: 00:02:20

Health: -9/51      AC:  9    Str: 23    XL:     6   Next: 79%
Magic:  3/3        EV:  2    Int:  7    God:
Gold:   148        SH:  0    Dex: 10    Spells: 0 memorised, 5 levels left

rFire  . . .     SeeInvis .     a - +0 flail
rCold  . . .     Clarity  .     b - +0 scale mail
rNeg   . . .     SustAb   .     c - +0 shield
rPois  .         Gourm    .     (helmet restricted)
rElec  .         Spirit   .     (no cloak)
rCorr  .         Warding  .     q - +0 pair of gloves
rMut   .         Stasis   .     n - +0 pair of boots
MR     .....                    x - amulet of faith
Stlth  ..........               (no ring)
                                u - +3 ring of strength

@: paralysed, not resistant to hostile enchantments, extremely unstealthy
A: retaliatory headbutt, horns 2
a: no special abilities


You were on level 5 of the Dungeon.
You were very hungry.

You visited 1 branch of the dungeon, and saw 5 of its levels.

You collected 148 gold pieces.

Inventory:

Hand weapons
 a - a +0 flail (weapon)
Armour
 b - a +0 scale mail (worn)
 c - a +0 shield (worn)
 n - a +0 pair of boots (worn)
 q - a +0 pair of gloves (worn)
Jewellery
 u - a +3 ring of strength (left hand)
 x - an amulet of faith (around neck)
Scrolls
 h - 3 scrolls of enchant armour {unknown}
 i - 4 scrolls of identify {unknown}
 j - a scroll of blinking {unknown}
 p - 2 scrolls of recharging {unknown}
 r - a scroll of fear {unknown}
 s - 2 scrolls of noise {unknown}
 w - a scroll of immolation {unknown}
 y - a scroll of teleportation {unknown}
Potions
 e - a potion of might
 f - 2 potions of brilliance {unknown}
 g - 3 potions of curing {unknown}
 k - a potion of mutation {unknown}
 l - a potion of flight {unknown}
 o - a potion of poison {unknown}
 t - 2 potions of heal wounds {unknown}
Comestibles
 d - 3 bread rations
 m - 2 beef jerkies
 v - a royal jelly
 z - a chunk of flesh


   Skills:
 - Level 3.6 Fighting
 + Level 8.9 Maces & Flails
 - Level 3.6 Armour
 - Level 3.6 Shields


You had 5 spell levels left.
You didn't know any spells.

Dungeon Overview and Level Annotations

Branches:
Dungeon (5/15)
 Temple: D:4-7

Altars:
Trog

Shops:
D:4 [

Annotations:
D:5 Grinder


Innate Abilities, Weirdness & Mutations

You reflexively headbutt those who attack you in melee.
You have a pair of horns on your head.


Message History

An ogre zombie comes into view. It is wielding a giant club.
The goblin completely misses you. Grinder gestures at you.
You shrug off the repeated paralysis!
The hobgoblin zombie hits you with a club.
The goblin hits you but does no damage.
The ogre zombie hits you with a giant club.
The shadow imp grins evilly.
Grinder hits you!
You writhe in agony.
The hobgoblin zombie completely misses you.
The goblin hits you but does no damage. Grinder hits you but does no damage.
The ogre zombie hits you with a giant club!
* * * LOW HITPOINT WARNING * * *
The goblin hits you but does no damage. Grinder gestures at you.
You shrug off the repeated paralysis!
The hobgoblin zombie hits you but does no damage.
The goblin hits you but does no damage.
The ogre zombie hits you with a giant club!!
You die...

.. ##.########
.........# . ...?....#
... ......!# ....
.5... #### .#
......##Z5####..###.#
.......g@##.........#
.....$.Z...........#
......##.....<.....#
........##........###
###...........รท#....#
#.##.###..#.....#.# #
#. #........#.## . ..
##....#.....#.. #.#
#.#...........


You could see Grinder, a shadow imp, a hobgoblin zombie, an ogre zombie and a
goblin.

Vanquished Creatures
  2 ogres
  A scorpion (D:4)
  An iguana (D:4)
  An orc wizard (D:4)
  A gnoll (D:1)
  7 adders
  2 giant mites
  A worm (D:4)
  2 adder skeletons (D:5)
  2 giant geckos
  An ooze (D:4)
  4 orcs (D:4)
  3 ball pythons
  2 giant cockroaches
  7 hobgoblins
  20 jackals
  7 bats
  4 giant newts
  5 goblins
  6 kobolds
  5 quokkas
  9 rats
93 creatures vanquished.

Notes
Turn   | Place    | Note
--------------------------------------------------------------
     0 | D:1      | kae, the Minotaur Fighter, began the quest for the Orb.
     0 | D:1      | Reached XP level 1. HP: 19/19 MP: 1/1
    57 | D:1      | Reached XP level 2. HP: 26/26 MP: 1/1
   161 | D:1      | Reached skill level 4 in Maces & Flails
   201 | D:1      | Reached XP level 3. HP: 29/31 MP: 2/2
  1004 | D:2      | Found a bloodstained altar of Trog.
  1170 | D:3      | Reached skill level 5 in Maces & Flails
  1241 | D:3      | Reached XP level 4. HP: 31/39 MP: 2/2
  1653 | D:3      | Reached skill level 6 in Maces & Flails
  1881 | D:4      | Noticed an ogre
  1888 | D:4      | Killed an ogre
  1888 | D:4      | Reached skill level 7 in Maces & Flails
  1888 | D:4      | Reached XP level 5. HP: 45/45 MP: 2/2
  2134 | D:4      | Reached XP level 6. HP: 51/51 MP: 3/3
  2165 | D:4      | Found Groal's Armour Boutique.
  2306 | D:4      | Reached skill level 8 in Maces & Flails
  2637 | D:5      | Entered Level 5 of the Dungeon
  2674 | D:5      | Noticed Grinder
  2683 | D:5      | Paralysed by Grinder for 6 turns
  2688 | D:5      | Mangled by an ogre zombie

Action                   |  1- 3 |  4- 6 || total
-------------------------+-------+-------++-------
Melee: Flail             |    92 |   165 ||   257
  Eat: Chunk             |     1 |     4 ||     5
